AoeStats
← El Fantasma de Pancho Villa

Arena

507650269Analyzed
4v4 RM · 13d ago on Sep 19, 2026· 46m 0s· 8 players
Game mode
Random Map
Map size
Large (8 player)
Population
200
Speed
Normal
Resources
Standard
Victory
Conquest
Starting age
Dark Age
Ending age
Imperial Age
RankedLock teamsTeams togetherTeam positionsShared explorationLock speedFull tech treeHidden civsTurbo modeCheats
Victory
Defeat
🇲🇽 Koreans · Mexico
1199
+17
🇨🇳 Khmer · China
1185
+22
🇨🇱 Mongols · Chile
1168
+18
🇺🇸 Cumans · United States
1102
+21
1275
-20
1220
-19
🇲🇽 Vikings · Mexico
1204
-18
🇲🇽 Wei · Mexico
1179
-17
orange
9:59 Feudal Age
13:51 Castle Age
11:54 Double-Bit Axe
12:34 Horse Collar
14:48 Wheelbarrow
15:25 Bow Saw
21:42 Gold Mining
23:05 Heavy Plow
23:05 Stone Mining
25:59 Gold Shaft Mining
28:56 Imperial Age
27:46 Husbandry
27:57 Bloodlines
27:07 Light Cavalry
28:03 Forging
29:22 Iron Casting
29:17 Ballistics
29:03 Hussar
29:52 Scale Barding Armor
30:11 Conscription
31:30 Double Crossbow
33:08 Chemistry
32:11 Fletching
32:29 Elite Ballista Elephant
34:50 Padded Archer Armor
35:51 Blast Furnace
34:50 Bodkin Arrow
35:19 Chain Barding Armor
41:35 Plate Barding Armor
40:55 Bodkin Arrow
41:16 Leather Archer Armor
41:01 Scale Mail Armor
El Fantasma de Pancho Villa
13:41 Feudal Age
14:19 Man-at-Arms
15:55 Scale Mail Armor
16:53 Forging
22:04 Double-Bit Axe
43:48 Horse Collar
45:06 Gold Mining
aaaaaaa
11:55 Feudal Age
13:58 Loom
14:14 Double-Bit Axe
16:53 Castle Age
14:52 Horse Collar
24:48 Fletching
30:23 Forging
30:36 Pikeman
DaN_L
5:22 Loom
11:34 Feudal Age
13:01 Double-Bit Axe
15:49 Castle Age
14:59 Horse Collar
15:10 Gold Mining
15:13 Stone Mining
18:00 Bow Saw
22:33 Husbandry
22:50 Padded Archer Armor
23:51 Leather Archer Armor
23:52 Fletching
24:35 Bodkin Arrow
26:57 Leather Archer Armor
28:53 Wheelbarrow
28:46 Ballistics
28:40 Bloodlines
31:20 Gold Shaft Mining
33:37 Imperial Age
31:16 Light Cavalry
32:08 Forging
33:50 Scale Barding Armor
34:21 Iron Casting
33:49 Elite Mangudai
35:41 Chemistry
35:31 Hand Cart
36:04 Conscription
37:42 Chain Barding Armor
37:23 Bracer
38:25 Blast Furnace
37:46 Chain Barding Armor
37:30 Heavy Camel Rider
38:27 Capped Ram
39:31 Drill
40:32 Siege Ram
El Hijo de Zalvakky Jr. Dark
10:59 Feudal Age
11:38 Double-Bit Axe
11:34 Horse Collar
17:48 Wheelbarrow
20:40 Castle Age
19:24 Scale Barding Armor
19:29 Forging
19:32 Bloodlines
19:31 Gold Mining
21:26 Husbandry
22:12 Heavy Plow
26:14 Iron Casting
26:07 Chain Barding Armor
29:07 Bow Saw
28:57 Fletching
31:20 Hand Cart
35:55 Stone Mining
40:20 Imperial Age
39:53 Ballistics
39:02 Light Cavalry
40:31 Heavy Camel Rider
41:52 Plate Barding Armor
42:45 Chemistry
43:04 Blast Furnace
Miztliel
9:25 Feudal Age
16:01 Castle Age
14:02 Double-Bit Axe
15:18 Loom
16:12 Man-at-Arms
16:56 Scale Mail Armor
17:01 Long Swordsman
17:36 Horse Collar
22:36 Gambesons
25:48 Chain Mail Armor
25:43 Forging
31:14 Iron Casting
30:43 Squires
30:28 Arson
30:50 Heavy Plow
30:46 Stone Mining
34:55 Gold Mining
35:54 Padded Archer Armor
35:45 Fletching
36:20 Ballistics
37:24 Leather Archer Armor
37:05 Bodkin Arrow
37:57 Gold Shaft Mining
39:56 Imperial Age
40:17 Fortified Wall
41:22 Ring Archer Armor
40:53 Bracer
40:18 Elite Genitour
41:36 Two-Handed Swordsman
43:40 Chemistry
44:49 Chieftains
El hijo de Airbreaker Jr. Jr.
6:42 Loom
9:53 Feudal Age
10:31 Double-Bit Axe
14:52 Fletching
21:29 Horse Collar
27:47 Castle Age
26:24 Wheelbarrow
27:06 Padded Archer Armor
27:46 Gold Mining
28:42 Forging
28:37 Scale Barding Armor
28:44 Bloodlines
28:17 Capped Ram
29:15 Bow Saw
29:18 Bodkin Arrow
29:57 Heavy Plow
30:33 Gold Shaft Mining
32:59 Stone Mining
36:22 Imperial Age
34:52 Iron Casting
36:05 Hand Cart
35:35 Town Watch
36:54 Onager
Tezcatlipoca
10:49 Feudal Age
11:39 Feudal Age
15:54 Castle Age
14:18 Double-Bit Axe
14:35 Horse Collar
14:58 Gold Mining
16:16 Bloodlines
22:18 Scale Barding Armor
27:36 Husbandry
29:49 Forging
32:49 Chain Barding Armor
35:20 Wheelbarrow
34:53 Fletching
35:03 Padded Archer Armor
35:40 Iron Casting
36:33 Bodkin Arrow
36:53 Leather Archer Armor
38:13 Gold Shaft Mining
38:28 Leather Archer Armor
39:22 Thumb Ring
43:15 Stone Mining
43:57 Hand Cart
44:18 Heavy Plow
47:12 Imperial Age
44:55 Light Cavalry
45:12 Pikeman
45:52 Squires
Connection lost

Rejoining the realm…

Still unreachable

The connection could not be restored.

Session expired

The server has moved on; the page needs a fresh start.